 Dungeon Crawl Stone Soup version 0.20.1-1-g8b1a95d (webtiles) character file.

6974 dohliylev the Covert (level 10, -13/76 HPs)
             Began as a Vampire Enchanter on Dec 7, 2017.
             Was a Priest of Makhleb.
             Mangled by a merfolk impaler
             ... wielding a +2 demon trident of pain
             ... created by the fury of Okawaru
              (29 damage)
             ... on level 10 of the Dungeon.
             The game lasted 00:42:47 (11351 turns).

dohliylev the Covert (Vampire Enchanter)           Turns: 11351, Time: 00:42:48

Health: -13/76     AC:  3    Str:  4    XL:     10   Next: 81%
Magic:  12/17      EV: 19    Int: 18    God:    Makhleb [***...]
Gold:   407        SH:  5    Dex: 18    Spells: 10/19 levels left

rFire    . . .     SeeInvis +   a - +2 dagger (freeze)
rCold    . . .     Gourm    .   I - +0 buckler
rNeg     + + .     Faith    +   b - +0 robe
rPois    .         Spirit   .   h - +0 helmet
rElec    .         Reflect  .   (no cloak)
rCorr    .         Harm     .   (no gloves)
MR       .....                  (no boots)
Stlth    ++++++....             M - amulet of faith
Regen    0.3/turn               m - ring of positive energy
MPRegen  0.2/turn               H - ring "Wacu Meo" {MR- Str-3 Slay+5 SInv Stlth+} (curse)

@: no status effects
A: fangs 3, see invisible, unbreathing
a: Bat Form, Minor Destruction, Lesser Servant of Makhleb, Renounce Religion


You were on level 10 of the Dungeon.
You worshipped Makhleb.
Makhleb was most pleased with you.
You were not thirsty.

You visited 2 branches of the dungeon, and saw 11 of its levels.

You collected 407 gold pieces.

Inventory:

Hand Weapons
 a - a +2 dagger of freezing (weapon)
 Q - a +0 dagger of protection
Armour
 b - a +0 robe (worn)
 h - a +0 helmet (worn)
 I - a +0 buckler (worn)
Jewellery
 d - an uncursed ring of protection from cold
 m - a ring of positive energy (left hand)
 w - an uncursed ring of protection from fire
 C - a +1 ring of protection
 H - the cursed ring "Wacu Meo" (right hand) {MR- Str-3 Slay+5 SInv Stlth+}
   (You found it on level 7 of the Dungeon)

   [ring of strength]

   It affects your strength (-3).
   It affects your accuracy and damage with ranged weapons and melee attacks
   (+5).
   It affects your resistance to hostile enchantments.
   It lets you see invisible.
   It makes you more stealthy.
   It has a curse placed upon it.
 M - an amulet of faith (around neck)
Wands
 x - a wand of flame (24/48)
 A - a wand of disintegration (8/24)
 D - a wand of flame (12/48)
 L - a wand of acid (9/15)
 O - a wand of lightning (6/15)
Scrolls
 e - 10 scrolls of identify {unknown}
 f - a scroll of random uselessness {unknown}
 g - 5 scrolls of remove curse
 k - 2 scrolls of amnesia {unknown}
 p - 3 scrolls of fog {unknown}
 r - 2 scrolls of immolation {unknown}
 t - 3 scrolls of teleportation {unknown}
 u - 2 scrolls of enchant weapon {unknown}
 y - 3 scrolls of blinking {unknown}
 E - a scroll of torment {unknown}
 F - a scroll of magic mapping {unknown}
 K - 3 scrolls of fear {unknown}
Potions
 i - 2 potions of degeneration {unknown}
 j - a potion of resistance {unknown}
 l - a potion of haste {unknown}
 n - 5 potions of curing {unknown}
 o - a potion of might {unknown}
 q - 3 potions of ambrosia {unknown}
 s - 2 potions of heal wounds {unknown}
 v - 2 potions of berserk rage {unknown}
 z - a potion of flight {unknown}
 B - 2 potions of cancellation {unknown}
 G - a potion of brilliance {unknown}
 J - 33 potions of blood
 P - a potion of mutation {unknown}
Books
 c - a book of Maledictions

   Spells                             Type                      Level
   a - Corona                         Hexes                        1
   b - Ensorcelled Hibernation        Hexes/Ice                    2
   c - Confuse                        Hexes                        3
   d - Tukima's Dance                 Hexes                        3
   e - Dazzling Spray                 Conjuration/Hexes            3
Miscellaneous
 N - a box of beasts


   Skills:
 - Level 6.2 Fighting
 - Level 5.0 Short Blades
 - Level 9.0 Dodging
 + Level 12.8 Stealth
 - Level 4.0 Shields
 - Level 0.4 Unarmed Combat
 - Level 5.0 Spellcasting
 - Level 8.0 Hexes
 - Level 2.0 Ice Magic
 * Level 1.8 Invocations


You had 10 spell levels left.
You knew the following spells:

 Your Spells              Type           Power        Failure   Level  Hunger
a - Corona                Hex            ####...      1%          1    None
b - Ensorcelled Hibernat  Hex/Ice        ###...       2%          2    #......
c - Confuse               Hex            ####....     1%          3    ##.....
d - Dazzling Spray        Conj/Hex       ###...       8%          3    ##.....


Dungeon Overview and Level Annotations

Branches:
Dungeon (10/15)            Temple (1/1) D:4             Orc (0/2) D:10
   Lair: D:8-11

Altars:
Ashenzari
Cheibriados
Dithmenos
Elyvilon
Fedhas
Gozag
Hepliaklqana
Kikubaaqudgha
Makhleb
Nemelex Xobeh
Okawaru
Qazlal
Ru
Sif Muna
Trog
Uskayaw
Vehumet
Xom
Yredelemnul
Zin
The Shining One


Innate Abilities, Weirdness & Mutations

You have razor-sharp teeth.
You have supernaturally acute eyesight. (SInv)
You can survive without breathing.


Message History

Aim: a merfolk impaler, wielding a demon trident of pain and wearing a robe (durably summoned, chance to defeat MR: 34%)
The merfolk impaler easily resists.
You block the merfolk impaler's attack.
The merfolk hits you from afar with a halberd!!
The merfolk impaler closely misses you.
Casting: Ensorcelled Hibernation
Confirm with . or Enter, or press ? or * to list all spells.
Aiming: Confuse
Press: ? - help, Shift-Dir - straight line, f - merfolk, p - merfolk impaler
Aim: a merfolk, wielding a halberd (durably summoned, chance to defeat MR: 44%)
The merfolk appears confused.
The merfolk impaler hits you from afar with a demon trident of pain!!
The merfolk misses the merfolk impaler.
There is an open door here.
The merfolk impaler closely misses you.
Nemelex Xobeh makes you draw from the deck of Punishment.
You draw a card...
You have drawn Torment.
You are blasted by holy energy!
* * * LOW HITPOINT WARNING * * *
There is a stone staircase leading up here.
The merfolk impaler hits you from afar with a demon trident of pain!!
You die...

###..######....###'###..##..###..
# #### #......#.#######..###.. #
#......#...m........... #
#......#............... #
#......#...............
####+###+##......#'############'#
m...m............m...............
....m............................
....m...........@................
.....................m...........
...####..........................
...#..'................######....
...#..#...........)....#)...#....
...#..#.......##########....#....
...#. #.......# #####...... ...#.
#.......# #.....##### ####
#.......# #.....# #


You could see a merfolk impaler and 2 merfolk.

Vanquished Creatures
  2 two-headed ogres (D:9)
  A cyclops (D:10)
  A hornet (D:7)
  A hippogriff (D:10)
  Sigmund (D:6)
  5 yaks (D:9)
  A wyvern (D:9)
  Eustachio (D:4)
  2 orc warriors
  7 ogres
  A necrophage (D:10)
  3 phantoms
  A sky beast (D:5)
  3 centaurs
  5 bullfrogs
  A gnoll sergeant (D:10)
  A water moccasin zombie (D:10)
  3 scorpions
  7 wights
  4 killer bees (D:7)
  3 crimson imps
  A bullfrog zombie (D:10)
  2 jellies (D:6)
  4 hounds
  6 orc priests
  2 centaur skeletons
  A bullfrog skeleton (D:8)
  2 iguanas
  10 orc wizards
  7 worker ants
  A killer bee zombie (D:8)
  A hound skeleton (D:10)
  A howler monkey zombie (D:5)
  3 gnolls (D:8)
  8 adders
  An ooze (D:2)
  2 adder skeletons
  4 worms
  2 dart slugs (D:1)
  2 leopard geckos
  46 orcs
  10 bats
  5 giant cockroaches
  8 goblins
  4 hobgoblins
  7 jackals
  5 quokkas
  5 ball pythons
  A frilled lizard (D:2)
  5 kobolds
  A leopard gecko skeleton (D:4)
  2 leopard gecko zombies
  A quokka skeleton (D:6)
  5 rats
219 creatures vanquished.

Vanquished Creatures (others)
  2 orcs (D:10)
2 creatures vanquished.

Grand Total: 221 creatures vanquished

Notes
Turn   | Place    | Note
-------+----------+-------------------------------------------
     0 | D:1      | dohliylev the Vampire Enchanter began the quest for the Orb.
     0 | D:1      | Reached XP level 1. HP: 13/13 MP: 3/3
   172 | D:1      | Reached XP level 2. HP: 5/19 MP: 5/5
   440 | D:1      | Learned a level 2 spell: Ensorcelled Hibernation
  1490 | D:2      | Reached skill level 5 in Stealth
  1589 | D:2      | Reached XP level 3. HP: 24/24 MP: 6/6
  1594 | D:2      | Learned a level 3 spell: Confuse
  2324 | D:3      | Reached skill level 1 in Ice Magic
  2504 | D:3      | Found a white marble altar of Elyvilon.
  2783 | D:3      | Reached skill level 5 in Hexes
  2783 | D:3      | Reached XP level 4. HP: 26/30 MP: 4/7
  2872 | D:4      | Found a staircase to the Ecumenical Temple.
  2877 | Temple   | Entered the Ecumenical Temple
  2916 | Temple   | Became a worshipper of Nemelex Xobeh the Trickster
  2943 | Temple   | Fell from the grace of Nemelex Xobeh
  2943 | Temple   | Became a worshipper of Makhleb the Destroyer
  3006 | D:4      | Noticed an ogre
  3022 | D:4      | Killed an ogre
  3022 | D:4      | Reached skill level 6 in Stealth
  3022 | D:4      | Reached XP level 5. HP: 35/35 MP: 3/9
  3466 | D:4      | Noticed an ogre
  4003 | D:4      | Killed an ogre
  4003 | D:4      | Reached XP level 6. HP: 22/41 MP: 3/11
  4443 | D:4      | Noticed Eustachio
  4460 | D:4      | Killed Eustachio
  4613 | D:5      | Entered Level 5 of the Dungeon
  4643 | D:5      | Noticed a sky beast
  4660 | D:5      | Killed a sky beast
  4660 | D:5      | Reached skill level 7 in Stealth
  4660 | D:5      | Reached XP level 7. HP: 39/47 MP: 5/13
  4808 | D:5      | Reached skill level 8 in Stealth
  5878 | D:6      | Reached skill level 1 in Fighting
  5878 | D:6      | Reached skill level 9 in Stealth
  5910 | D:6      | Noticed Sigmund
  5918 | D:6      | Killed Sigmund
  5918 | D:6      | Reached XP level 8. HP: 40/54 MP: 11/14
  5926 | D:6      | Learned a level 3 spell: Dazzling Spray
  6226 | D:5      | Reached skill level 10 in Stealth
  6596 | D:5      | Reached skill level 11 in Stealth
  6658 | D:6      | Reached * piety under Makhleb
  6662 | D:6      | Reached skill level 5 in Spellcasting
  6803 | D:7      | Found a radiant altar of Vehumet.
  6947 | D:7      | Noticed a hornet
  6952 | D:7      | Killed a hornet
  6952 | D:7      | Reached skill level 5 in Short Blades
  6952 | D:7      | Reached skill level 12 in Stealth
  6952 | D:7      | Reached XP level 9. HP: 59/59 MP: 12/16
  7361 | D:7      | Got a steaming turquoise ring
  7894 | D:7      | Identified the cursed ring "Wacu Meo" {MR- Str-3 Slay+5 SInv Stlth+} (You found it on level 7 of the Dungeon)
  8404 | D:8      | Reached ** piety under Makhleb
  8770 | D:8      | Reached skill level 5 in Dodging
  8770 | D:8      | Reached skill level 1 in Shields
  9106 | D:9      | Noticed a two-headed ogre
  9111 | D:9      | Killed a two-headed ogre
  9111 | D:9      | Reached skill level 5 in Fighting
  9193 | D:9      | Reached XP level 10. HP: 76/76 MP: 14/17
  9683 | D:9      | Noticed a two-headed ogre
  9748 | D:9      | Killed a two-headed ogre
  9822 | D:10     | Entered Level 10 of the Dungeon
 10117 | D:10     | Reached *** piety under Makhleb
 10212 | D:10     | Found a staircase to the Orcish Mines.
 10718 | D:10     | Noticed a merfolk javelineer
 10718 | D:10     | Noticed a merfolk impaler
 10718 | D:10     | Noticed a cyclops
 11064 | D:10     | Killed a cyclops
 11241 | D:10     | Reached skill level 1 in Invocations
 11351 | D:10     | Mangled by a merfolk impaler

Skill      XL: |  1  2  3  4  5  6  7  8  9 10 |
---------------+-------------------------------+-----
Stealth        | 5 6 7 9 12 | 12.8
Ice Magic      | 1 2 |  2.0
Hexes          | 5 6 8 |  8.0
Short Blades   | 2 3 5 |  5.0
Spellcasting   | 3 4 5 |  5.0
Fighting       | 1 5 6 |  6.2
Dodging        | 3 6 9 |  9.0
Shields        | 2 4 |  4.0
Invocations    | 1 |  1.8
Unarmed Combat | |  0.4

Action                   |  1- 3 |  4- 6 |  7- 9 | 10-12 || total
-------------------------+-------+-------+-------+-------++-------
Melee: Dagger            |   147 |    35 |   171 |   132 ||   485
       Bite              |     6 |     2 |    14 |     8 ||    30
       Unarmed           |       |       |       |    18 ||    18
 Cast: Ensorcelled Hiber |    31 |    25 |    63 |    67 ||   186
       Corona            |     1 |     2 |     9 |    10 ||    22
       Confuse           |     1 |     6 |    15 |     3 ||    25
 Abil: End Transformatio |       |       |     1 |       ||     1
       Bat Form          |       |       |     1 |       ||     1
  Use: Potion            |       |       |     2 |       ||     2
       Scroll            |       |       |     1 |       ||     1
 Stab: Sleeping          |    31 |    13 |    60 |    45 ||   149
       Confused          |       |     4 |    13 |     2 ||    19
       Distracted        |       |       |       |     1 ||     1
  Eat: Corpse            |    18 |     2 |    20 |     5 ||    45
Armor: Robe              |    22 |     1 |    12 |     3 ||    38
Dodge: Dodged            |    98 |    16 |    80 |    74 ||   268
Block: Buckler           |       |       |     7 |    23 ||    30
